 Dungeon Crawl Stone Soup version 0.17-b1-20-g63edfd6 (webtiles) character file.

23 4thArraOfDagon the Scratcher (level 2, -1/12 HPs)
             Began as a Felid Transmuter on Nov 4, 2015.
             Slain by a centaur skeleton (6 damage)
             ... on level 5 of the Dungeon.
             The game lasted 00:03:17 (448 turns).

4thArraOfDagon the Scratcher (Felid Transmuter)      Turns: 448, Time: 00:03:17

Health: -1/12      AC:  1    Str:  6    XL:     2   Next: 75%
Magic:  4/6        EV: 18    Int: 14    God:
Gold:   57         SH:  0    Dex: 16    Spells: 1 memorised, 4 levels left
                                        Lives:  0   Deaths: 0

rFire  . . .     SeeInvis +       - Unarmed
rCold  . . .     Clarity  .     (armour unavailable)
rNeg   . . .     SustAt   .     (shield unavailable)
rPois  .         Gourm    .     (helmet unavailable)
rElec  .         Spirit   .     (cloak unavailable)
rCorr  .         Warding  .     (gloves unavailable)
rMut   .         Stasis   .     (boots unavailable)
MR     .....                    (no amulet)
Stlth  ++........               (no ring)
                                (no ring)

@: appendage, very slightly contaminated, quick, not resistant to hostile
enchantments, unstealthy
A: no armour, no weapons or thrown items, claws 1, fangs 3, horns 2, see
invisible, carnivore 3, speed 1, shaggy fur 1, slow metabolism 1, sharp paws
a: End Transformation


You were on level 5 of the Dungeon.
You were full.
You had grown temporary horns.
You visited 1 branch of the dungeon, and saw 6 of its levels.

You collected 57 gold pieces.

Inventory:

Missiles
 a - 12 arrows
Scrolls
 f - a scroll of enchant armour
Potions
 e - 2 potions of resistance
Books
 b - a book of Changes

   Spells                             Type                      Level
   a - Beastly Appendage              Transmutation                1
   b - Sticks to Snakes               Transmutation                2
   c - Spider Form                    Transmutation/Poison         3
   d - Ice Form                       Ice/Transmutation            4
   e - Blade Hands                    Transmutation                5
Comestibles
 c - a meat ration


   Skills:
 + Level 1.4 Fighting
 + Level 2.9 Dodging
 + Level 0.0 Stealth
 * Level 3.4 Unarmed Combat
 - Level 2.0 Spellcasting
 * Level 2.8 Transmutations


You had 4 spell levels left.
You knew the following spells:

 Your Spells              Type           Power        Failure   Level  Hunger
a - Beastly Appendage     Trmt           #.....       10%         1    ##.....


Dungeon Overview and Level Annotations

Branches:
Dungeon (6/15)
 Temple: D:4-7

Altars:
Elyvilon

Shops:
D:6 *


Innate Abilities, Weirdness & Mutations

You cannot wear armour.
You are incapable of wielding weapons or throwing items.
You have sharp claws.
You have razor-sharp teeth.
You have supernaturally acute eyesight.
You are carnivorous and can eat meat at any time.
You cover ground quickly.
You are covered in fur (AC +1).
You have a slow metabolism.
Your sharp claws are effective at attacking unaware monsters.
You have a pair of horns on your head.


Message History

Read which item? (? for menu, Esc to quit)
Identify which item? (\ to view known items) (? for menu, Esc to quit)
As you read the scroll of identify, it crumbles to dust.
e - 2 potions of resistance Your mouth is now empty.
Autopickup is now on.
A crimson imp comes into view.
The crimson imp shouts!
Casting: Beastly Appendage
Confirm with . or Enter, or press ? or * to list all spells.
You miscast Beastly Appendage.
You are very lightly contaminated with residual magic.
Nothing appears to happen.
The centaur skeleton hits you.
Casting: Beastly Appendage
Confirm with . or Enter, or press ? or * to list all spells.
You grow a pair of large bovine horns.
The centaur skeleton barely misses you.
You scratch the centaur skeleton but do no damage.
The centaur skeleton hits you.
Ouch! That really hurt!
You die...

#.# #. ##.##.# ##
#. ._ #.##.# #A
##.##.#
##..##.####.# #
##...........# #.#
..###..####.######
#.# #.......#
#....# #.#
#..#....#####..#
#.# #. ...
#.##...Z@...# #.##
#.# ## #.
########## #...
#.# #.##....5...#
#..# #.#
#.##.#####..#
######<.# #.#
####.#.. #.#
#.......# #.#
..#..#. .#
#.#####..
#.####.#.##.# #
###
..>......##.#### #
#............... #


You could see a crimson imp and a centaur skeleton.

Vanquished Creatures
  2 adders
  An ooze (D:5)
  A bat (D:1)
  A giant newt (D:1)
  A rat (D:1)
6 creatures vanquished.

Notes
Turn   | Place    | Note
--------------------------------------------------------------
     0 | D:1      | 4thArraOfDagon the Felid Transmuter began the quest for the Orb.
     0 | D:1      | Reached XP level 1. HP: 9/9 MP: 4/4
   118 | D:1      | You fall through a shaft!
   139 | D:3      | Reached XP level 2. HP: 6/12 MP: 4/6
   181 | D:5      | Entered Level 5 of the Dungeon
   195 | D:5      | Noticed a phantom
   204 | D:5      | Noticed a phantom
   213 | D:6      | Found Bethoaga's Elemental Accessories.
   216 | D:6      | Noticed a wight
   218 | D:6      | Noticed a scorpion
   417 | D:5      | Found a white marble altar of Elyvilon.
   417 | D:5      | Noticed an angel
   448 | D:5      | Slain by a centaur skeleton

Action                   || total
-------------------------++-------
Melee: Unarmed           ||    16
 Cast: Beastly Appendage ||     2
  Use: Scroll            ||     5
       Potion            ||     2
 Stab: Sleeping          ||     2
  Eat: Chunk             ||     4
